AoeStats
← a.l.a.n.t

QS Arena

503700268Analyzed
4v4 RM · 1mo ago on Sep 1, 2026· 44m 17s· 8 players
Game mode
Random Map
Map size
Large (8 player)
Population
200
Speed
Normal
Resources
Standard
Victory
Conquest
Starting age
Dark Age
Ending age
Imperial Age
RankedLock teamsTeams togetherTeam positionsShared explorationLock speedFull tech treeHidden civsTurbo modeCheats
Victory
Defeat
🇧🇷 Khmer · Brazil
1346
+12
🇧🇷 Lithuanians · Brazil
1299
+14
🇧🇷 Britons · Brazil
1272
+15
🇧🇷 Italians · Brazil
1214
+18
1267
-15
🇲🇽 Khitans · Mexico
1243
-14
🇩🇪 Ethiopians · Germany
1239
-14
🇬🇧 Goths · United Kingdom
1239
-14
RedKing
9:47 Feudal Age
10:38 Double-Bit Axe
11:01 Domestication
14:29 Castle Age
13:11 Gold Mining
17:10 Fletching
17:41 Town Watch
20:19 Loom
24:42 Imperial Age
24:16 Pastoralism
24:55 Wheelbarrow
26:43 Bodkin Arrow
27:12 Bow Saw
27:51 Padded Archer Armor
27:52 Bracer
29:13 Wheelbarrow
30:27 Leather Archer Armor
31:37 Two-Man Saw
30:36 Heavy Cavalry Archer
30:54 Elite Skirmisher
32:06 Ring Archer Armor
34:08 Elite Fire Lancer
34:34 Arson
35:01 Thumb Ring
35:58 Chemistry
37:03 Transhumance
36:42 Squires
36:45 Stone Mining
37:10 Scale Mail Armor
37:21 Forging
38:25 Chain Mail Armor
39:26 Iron Casting
40:13 Plate Mail Armor
43:37 Conscription
IchBinNedDerDracheVerdammteAggsd
7:57 Feudal Age
7:11 Loom
12:33 Castle Age
11:29 Horse Collar
12:25 Double-Bit Axe
18:15 Bow Saw
18:43 Stone Mining
19:33 Heavy Plow
20:27 Town Watch
21:27 Gold Mining
22:56 Gold Shaft Mining
24:23 Town Patrol
28:11 Imperial Age
27:11 Scale Mail Armor
27:22 Forging
27:21 Chieftains
28:29 Chain Mail Armor
29:32 Iron Casting
28:23 Capped Ram
29:54 Conscription
28:58 Elite Berserk
30:14 Hoardings
29:56 Siege Ram
31:17 Plate Mail Armor
32:08 Blast Furnace
33:31 Pikeman
34:11 Squires
33:57 Arson
36:38 Padded Archer Armor
36:29 Fletching
37:43 Two-Man Saw
37:16 Crop Rotation
37:30 Elite Skirmisher
42:16 Leather Archer Armor
41:57 Bodkin Arrow
42:12 Onager
a.l.a.n.t
0:45 Loom
8:39 Feudal Age
12:44 Castle Age
10:54 Double-Bit Axe
11:18 Horse Collar
15:21 Bow Saw
20:25 Wheelbarrow
19:50 Stone Mining
20:09 Heavy Plow
26:21 Imperial Age
24:16 Scale Mail Armor
24:30 Anarchy
25:12 Chain Mail Armor
25:12 Squires
26:00 Forging
26:25 Elite Huskarl
27:45 Iron Casting
28:02 Perfusion
28:11 Gold Mining
30:56 Conscription
31:30 Pikeman
32:12 Halberdier
Mongobongo_17
9:24 Feudal Age
9:51 Double-Bit Axe
13:42 Castle Age
12:35 Horse Collar
16:24 Wheelbarrow
15:34 Loom
23:14 Imperial Age
22:21 Squires
21:45 Crossbowman
22:30 Scale Mail Armor
22:40 Forging
23:35 Padded Archer Armor
23:25 Fletching
23:20 Capped Ram
24:03 Town Watch
25:49 Chemistry
26:27 Arbalester
29:02 Hand Cart
30:07 Siege Ram
31:24 Halberdier
33:12 Chain Mail Armor
33:33 Iron Casting
33:15 Thumb Ring
33:30 Leather Archer Armor
35:05 Heavy Scorpion
37:37 Torsion Engines
40:53 Ballistics
41:43 Siege Engineers
41:48 Masonry
NPC_Caveira
6:16 Loom
8:46 Feudal Age
12:52 Castle Age
10:53 Double-Bit Axe
10:51 Horse Collar
14:06 Bow Saw
14:01 Heavy Plow
17:39 Wheelbarrow
19:54 Hand Cart
27:03 Imperial Age
25:16 Gold Mining
25:20 Stone Mining
25:19 Town Watch
25:26 Fletching
26:10 Ballistics
25:55 Crossbowman
27:32 Bodkin Arrow
28:52 Arbalester
35:22 Bracer
35:24 Padded Archer Armor
37:46 Leather Archer Armor
40:22 Chemistry
41:40 Yeomen
41:41 Conscription
42:26 Ring Archer Armor
42:14 Capped Ram
VkA | jhau_t
8:11 Feudal Age
12:35 Castle Age
10:30 Double-Bit Axe
11:06 Horse Collar
11:48 Loom
11:59 Stone Mining
15:40 Bow Saw
15:55 Heavy Plow
20:32 Wheelbarrow
22:44 Fletching
23:58 Padded Archer Armor
23:57 Bodkin Arrow
25:44 Padded Archer Armor
28:53 Imperial Age
27:03 Squires
26:24 Pikeman
27:15 Scale Mail Armor
28:15 Chain Mail Armor
29:34 Forging
31:05 Iron Casting
30:57 Leather Archer Armor
31:31 Conscription
32:40 Bracer
34:44 Blast Furnace
34:14 Plate Mail Armor
34:29 Ring Archer Armor
38:24 Two-Man Saw
37:21 Gold Mining
38:46 Ballistics
39:26 Chemistry
38:02 Elite Genoese Crossbowman
39:47 Pirotechnia
Guii
8:02 Feudal Age
11:12 Castle Age
9:33 Double-Bit Axe
9:30 Horse Collar
12:40 Bow Saw
20:19 Wheelbarrow
19:30 Loom
22:26 Heavy Plow
26:56 Imperial Age
24:58 Ballistics
24:41 Gold Mining
24:42 Stone Mining
24:38 Town Watch
25:57 Hand Cart
27:38 Double Crossbow
27:59 Conscription
28:45 Chemistry
27:47 Heavy Scorpion
29:46 Elite Battle Elephant
30:39 Bloodlines
31:15 Husbandry
31:47 Scale Barding Armor
32:21 Tusk Swords
36:23 Siege Engineers
38:18 Capped Ram
39:38 Siege Ram
incolor
9:25 Feudal Age
12:52 Castle Age
10:53 Double-Bit Axe
10:54 Horse Collar
13:54 Bow Saw
13:45 Heavy Plow
17:55 Loom
20:01 Wheelbarrow
19:13 Town Watch
19:24 Gold Mining
19:25 Stone Mining
22:28 Hand Cart
22:52 Stone Shaft Mining
27:03 Imperial Age
25:10 Forging
25:22 Scale Barding Armor
26:38 Iron Casting
25:46 Treadmill Crane
26:48 Bloodlines
26:40 Husbandry
27:35 Chain Barding Armor
27:15 Cavalier
29:12 Plate Barding Armor
28:50 Paladin
30:36 Conscription
34:23 Crop Rotation
34:56 Two-Man Saw
34:32 Stone Shaft Mining
34:52 Ballistics
35:33 Chemistry
38:12 Caravan
39:57 Coinage
39:38 Guilds
39:50 Hill Forts
40:28 Hoardings
Connection lost

Rejoining the realm…

Still unreachable

The connection could not be restored.

Session expired

The server has moved on; the page needs a fresh start.